 Dungeon Crawl Stone Soup version 0.31.0 (webtiles) character file.

Game seed: 17490234628402684528

39 qw the Shooter (level 3, 0/22 HPs)
             Began as a Gargoyle Hunter on Jan 20, 2024.
             Slain by Jessica
             ... wielding a +0 club
              (3 damage)
             ... on level 2 of the Dungeon.
             The game lasted 00:00:03 (921 turns).

qw the Shooter (Gargoyle Hunter)                     Turns: 921, Time: 00:00:03

Health: 0/22       AC: 10    Str: 14    XL:     3   Next: 47%
Magic:  3/3        EV: 11    Int:  9    God:
Gold:   53         SH:  0    Dex: 15    Spells: 2/2 levels left

rFire   . . .        a - +0 shortbow
rCold   . . .        (shield currently unavailable)
rNeg    + . .        c - +0 leather armour
rPois   inf          (no helmet)
rElec   +            (no cloak)
rCorr   .            (no gloves)
SInv    .            (no boots)
Will    .....        (no amulet)
Stlth   ++           h - +4 ring of protection
HPRegen 0.23/turn    (no ring)
MPRegen 0.08/turn

%: no passive effects
@: no status effects
A: sickness immunity, AC +3, negative energy resistance 1, electricity
resistance, torment resistance 1, petrification resistance
a: no special abilities


You were on level 2 of the Dungeon.
You visited 1 branch of the dungeon, and saw 2 of its levels.

You collected 53 gold pieces.


Innate Abilities, Weirdness & Mutations

You are immune to sickness and miasma.
Your stone body is resilient. (AC +3)
You are immune to poison.
You resist negative energy. (rN+)
You are resistant to electric shocks. (rElec)
You are resistant to unholy torment.
You are immune to petrification.


   Skills:
 + Level 2.5 Fighting
 - Level 5.0 Ranged Weapons
 - Level 1.5 Dodging
 - Level 1.1 Stealth


You had 2 spell levels left.
You didn't know any spells.
Your spell library was empty.

Inventory:

Hand Weapons
 a - a +0 shortbow (weapon)
Armour
 c - a +0 leather armour (worn)
 f - a +2 hat
Jewellery
 b - an amulet of reflection
 h - a +4 ring of protection (left hand)
Scrolls
 d - a scroll of revelation {unknown}
Potions
 e - a potion of ambrosia {unknown}
 g - a potion of cancellation {unknown}
 i - a potion of enlightenment {unknown}

Dungeon Overview and Level Annotations

Branches:
Dungeon (2/15)

Altars:

Annotations:
D:2 Jessica, Robin


Message History

A goblin comes into view. It is wielding a +0 dagger.
The goblin blinks!
You shoot an arrow. The arrow barely misses Jessica.
Jessica hits you with a +0 club.
You shoot an arrow.
The arrow hits Jessica but does no damage.
Jessica barely misses you. x2; The goblin hits you with a +0 dagger.
You shoot an arrow. The arrow barely misses Jessica.
The arrow hits the goblin.
The goblin is severely wounded.
Jessica hits you but does no damage. The goblin hits you with a +0 dagger.
Jessica hits you but does no damage.
You shoot an arrow. The arrow hits the goblin.
You kill the goblin!
Jessica very coldly says, "I hate your company."
Jessica casts a spell at you.
You barely resist. Robin closely misses you. The goblin closely misses you.
Jessica points at you and mumbles some strange words.
Pain shoots through your body!
You shoot an arrow. The arrow hits Jessica.
Jessica is severely wounded.
Robin zaps a wand.
The puff of flame hits you. The goblin barely misses you.
Jessica casts a spell at you. You resist with some effort.
The goblin enters a dispersal trap!
The goblin blinks! x2; The hobgoblin blinks!
The goblin blinks!
Robin blinks! x2
The goblin blinks!
You shoot an arrow. The arrow hits Jessica.
Jessica is almost dead.
Jessica hits you with a +0 club. Jessica barely misses you.
You shoot an arrow. The arrow closely misses Jessica.
Jessica hits you but does no damage. Jessica gestures at you while chanting.
Pain shoots through your body! Robin throws the goblin at you!
You shoot an arrow.
The arrow hits Jessica but does no damage.
Jessica is almost dead.
Jessica barely misses you.
Robin says, "A pitiful Gargoyle like you will never find the ORB!"
Robin throws the goblin at you! The goblin barely misses you.
The goblin hits you with a +0 dagger. Jessica hits you with a +0 club.
You die...

# #........#
##.###........#
#......^......#
#..##..)......#
#...%......#
#.#.g.).g..#
..#...g#####
.###g@g.# ..
#.@..# #.
#.g..# ......#
########


You could see Robin, Jessica (fast), a hobgoblin and 4 goblins.

Vanquished Creatures
  An adder (D:2)
  3 giant cockroaches (D:1)
  5 goblins
  5 hobgoblins
  7 kobolds
  5 bats
  3 frilled lizards
  3 rats
32 creatures vanquished.

Notes
Turn   | Place    | Note
-------+----------+-------------------------------------------
     0 | D:1      | qw the Gargoyle Hunter began the quest for the Orb.
     0 | D:1      | Reached XP level 1. HP: 12/12 MP: 1/1
     0 | D:1      | 0 ||| qw: Version: 0.3-a-132-g3d54051
     0 | D:1      | 0 ||| qw: Game counter: 494
     0 | D:1      | 0 ||| qw: Melee chars always use a shield: true
     0 | D:1      | 0 ||| qw: God list: Okawaru
     0 | D:1      | 0 ||| qw: Allow faded altars: false
     0 | D:1      | 0 ||| qw: Do Orc after clearing Dungeon:15 true
     0 | D:1      | 0 ||| qw: Do second Lair branch before Depths: true
     0 | D:1      | 0 ||| qw: Lair rune preference: random
     0 | D:1      | 0 ||| qw: Goals: Normal
     0 | D:1      | 0 ||| PLANNING D:1-11
   117 | D:1      | Reached XP level 2. HP: 17/17 MP: 2/2
   588 | D:1      | 588 ||| UPGRADING to +4 ring of protection.
   589 | D:1      | 589 ||| READING scroll labelled ETZE ROCYS.
   590 | D:1      | 590 ||| READING scroll labelled FOLUXE FOPSIBEI.
   590 | D:1      | 590 ||| IDENTIFYING cyan potion
   591 | D:1      | 591 ||| READING scroll labelled MOPTOSCHUMN.
   692 | D:1      | 692 ||| DROPPING scroll of butterflies.
   693 | D:1      | 693 ||| DROPPING potion of brilliance.
   759 | D:2      | Reached skill level 5 in Ranged Weapons
   759 | D:2      | Reached XP level 3. HP: 18/21 MP: 3/3
   760 | D:2      | 760 ||| FLEEEEING.
   907 | D:2      | Noticed Jessica
   910 | D:2      | Noticed Robin
   919 | D:2      | HP: 5/22 [Jessica/+0 club (1)]
   921 | D:2      | Slain by Jessica

Levels and vault maps discovered:
D:1:      dpeg_arrival_houses_and_road, layout_loops_ring,
          minmay_misc_feat_encased
D:2:      layout_basic, minmay_circle_x, uniq_jessica, uniq_robin

Skill      XL: |  1  2 |
---------------+-------+-----
Ranged Weapons | 5 |  5.0
Fighting       | |  2.5
Dodging        | |  1.5
Stealth        | |  1.1

Action                     || total
---------------------------++-------
   Fire: Shortbow          ||    86
    Use: Scroll            ||     3
 Armour: Leather armour    ||    32
  Dodge: Dodged            ||    27

Table legend:
 A = Non-vault XP
 B = Vault XP
 C = Vault XP percentage of total XP
 D = Non-vault monster count
 E = Vault monster count
 F = Vault count percentage of total count
                 A         B        C        D         E       F
            +---------+---------+-------+---------+---------+-------
      Total |      48 |       9 |  15.8 |      27 |       5 |  15.6
            +---------+---------+-------+---------+---------+-------
        D:1 |      28 |       0 |   0.0 |      19 |       0 |   0.0
        D:2 |      20 |       9 |  31.0 |       8 |       5 |  38.5
            +---------+---------+-------+---------+---------+-------
